 Dungeon Crawl Stone Soup version 0.27.1-34-g3ba077fa99 (webtiles) character file.

Game seed: 15261779127005052531

6 unlimited1921 the Magician (level 2, -1/21 HPs)
             Began as a Djinni Fire Elementalist on Jan 20, 2022.
             Slain by a giant cockroach (2 damage)
             ... on level 2 of the Dungeon.
             The game lasted 00:02:16 (429 turns).

unlimited1921 the Magician (DjFE)                    Turns: 429, Time: 00:02:17

Health: -1/21      AC:  2    Str:  7    XL:     2   Next: 0%
Gold:   29         EV: 12    Int: 16    God:
                   SH:  0    Dex: 13

rFire    + + .     SeeInvis +   d - +0 spear
rCold    x . .     Faith    .   (no shield)
rNeg     . . .     Spirit   .   a - +0 robe
rPois    ∞         Reflect  .   (no helmet)
rElec    .         Harm     .   (no cloak)
rCorr    .         Rampage  .   (no gloves)
Will     .....                  (boots unavailable)
Stlth    ++........             (no amulet)
HPRegen  0.07/turn              c - ring of see invisible
MPRegen  0.00/turn              (no ring)

@: flying
A: sickness immunity, fire resistance 2, cold vulnerability 1, float, innate
caster, hp casting, extra vitality 1
a: no special abilities


You were on level 2 of the Dungeon.
You visited 1 branch of the dungeon, and saw 2 of its levels.

You collected 29 gold pieces.

Inventory:

Hand Weapons
 d - a +0 spear (weapon)
Missiles
 b - 19 sling bullets
 f - 24 poisoned darts
Armour
 a - a +0 robe (worn)
Jewellery
 c - a ring of see invisible (left hand)
Potions
 e - a potion of curing {unknown}


   Skills:
 * Level 2.2 Dodging
 + Level 1.6 Stealth
 * Level 2.7 Spellcasting


You couldn't memorise any spells.
You knew the following spells:

 Your Spells              Type           Power      Damage    Failure   Level
a - Foxfire               Conj/Fire      40%        2x1d6     6%          1
b - Conjure Flame         Conj/Fire      10%        6-21      19%         3
c - Inner Flame           Hex/Fire       10%        N/A       19%         3
d - Sticky Flame          Conj/Fire      10%        2d3       54%         4
e - Fireball              Conj/Fire      5%         3d5       87%         5
Your spell library was empty.

Dungeon Overview and Level Annotations

Branches:
Dungeon (2/15)

Altars:


Innate Abilities, Weirdness & Mutations

You are immune to sickness and miasma.
You are immune to poison.
Your flesh is very heat resistant. (rF++)
You are vulnerable to cold. (rC-)
You float through the air rather than walking.
You learn spells naturally, not from books.
Your magical power is your life essence.
You have superior vitality. (+4 HP)


Message History

The giant cockroach is heavily wounded.
The foxfire hits the giant cockroach.
The giant cockroach is severely wounded.
The ball python closely misses you. The ball python grabs you.
The ball python constricts you.
* * * LOW HITPOINT WARNING * * *
You escape the ball python's grasp.
The hobgoblin hits you.
* * * LOW HITPOINT WARNING * * *
The giant cockroach barely misses you.
There is a stone staircase leading down here.
The giant cockroach bites you.
* * * LOW HITPOINT WARNING * * *
You fly downwards.
Found 7 gold pieces and 24 poisoned darts.
There is a stone staircase leading up here.
Found 11 gold pieces.
The giant cockroach closely misses you.
A ball python comes into view.
A bat comes into view.
You see here 24 poisoned darts.
f - 24 poisoned darts The giant cockroach bites you but does no damage.
The giant cockroach closely misses you.
Found a scroll labelled WAAMAA DEOMUL.
The bat barely misses you.
A ball python comes into view.
The bat closely misses you. The bat barely misses you. x2
Found a gilded ring.
A quokka comes into view.
The giant cockroach barely misses you. The bat hits you but does no damage.
Found an escape hatch in the floor.
Found a stone staircase leading up.
The bat hits you but does no damage.
The ball python bites you but does no damage.
The ball python grabs you. The ball python constricts you.
The bat hits you but does no damage.
You escape the ball python's grasp.
The bat hits you.
* * * LOW HITPOINT WARNING * * *
The giant cockroach bites you.
You die...

...# ## ...#
.####.><# .......
#..#.. #..#.######
#..b.......
.#######..@.?......
.........B..........
#........S..........
r..S................
....................
....................
....................
.......#............
.....#.##....######


You could see a giant cockroach, a bat and 2 ball pythons.

Vanquished Creatures
  A dart slug (D:1)
  An endoplasm (D:1)
  A hobgoblin (D:1)
  A kobold (D:1)
4 creatures vanquished.

Vanquished Creatures (others)
  21 foxfires (D:1)
21 creatures vanquished.

Grand Total: 25 creatures vanquished

Notes
Turn   | Place    | Note
-------+----------+-------------------------------------------
     0 | D:1      | unlimited1921 the Djinni Fire Elementalist began the quest
                  | for the Orb.
     0 | D:1      | Reached XP level 1. HP: 15/15 MP: 0/0
   392 | D:1      | Reached XP level 2. HP: 7/21 MP: 0/0
   412 | D:1      | HP: 1/21 [giant cockroach (2)]
   429 | D:2      | HP: 1/21 [bat (1)]
   429 | D:2      | Slain by a giant cockroach

Illustrated notes

Levels and vault maps discovered:
D:1:      dpeg_arrival_three_bigger_balls, layout_basic,
          dreamdust_ecumenical_altar_grove
D:2:      layout_rooms, minmay_joined_circles

Action                   || total
-------------------------++-------
 Cast: Foxfire           ||    12
Armor: Robe              ||     7
Dodge: Dodged            ||    15
